 Dungeon Crawl Stone Soup version 0.18-a0-33-g9e10395 (webtiles) character file.

84 jalm the Insei (level 4, 0/32 HPs)
             Began as a Merfolk Transmuter on Nov 5, 2015.
             Slain by Crazy Yiuf
             ... wielding a +3 quarterstaff of chaos
              (13 damage)
             ... on level 2 of the Dungeon.
             The game lasted 00:05:26 (2008 turns).

jalm the Insei (Merfolk Transmuter)                 Turns: 2008, Time: 00:05:26

Health: 0/32       AC:  2    Str: 10    XL:     4   Next: 45%
Magic:  5/7        EV: 13    Int: 13    God:
Gold:   152        SH:  0    Dex: 14    Spells: 3 memorised, 1 level left

rFire  . . .     SeeInvis .       - Unarmed
rCold  . . .     Clarity  .     b - +0 robe
rNeg   . . .     SustAt   .     (no shield)
rPois  .         Gourm    .     (no helmet)
rElec  .         Spirit   .     (no cloak)
rCorr  .         Warding  .     (no gloves)
rMut   .         Stasis   .     (no boots)
MR     .....                    (no amulet)
Stlth  +.........               (no ring)
                                (no ring)

@: appendage, not resistant to hostile enchantments, very unstealthy
A: change form in water, swift swim, horns 2
a: End Transformation


You were on level 2 of the Dungeon.
You were not hungry.
You had grown temporary horns.
You visited 1 branch of the dungeon, and saw 4 of its levels.

You collected 152 gold pieces.

Inventory:

Missiles
 a - 53 arrows
Armour
 b - a +0 robe (worn)
Jewellery
 e - an uncursed ring of ice {unknown}
 l - an uncursed ring of poison resistance {unknown}
 s - a cursed -2 ring of intelligence {unknown}
 w - an uncursed ring of sustain attributes {unknown}
Scrolls
 f - a scroll of teleportation {unknown}
 j - a scroll of noise {unknown}
 m - a scroll of recharging {unknown}
 o - a scroll of remove curse {unknown}
 p - a scroll of identify {unknown}
 q - a scroll of enchant weapon {unknown}
 t - 2 scrolls of immolation {unknown}
Potions
 h - a potion of curing {unknown}
 i - a potion of magic {unknown}
 k - a potion of agility {unknown}
 n - a potion of might {unknown}
 u - 2 potions of brilliance {unknown}
Books
 c - a book of Changes

   Spells                             Type                      Level
   a - Beastly Appendage              Transmutation                1
   b - Sticks to Snakes               Transmutation                2
   c - Spider Form                    Transmutation/Poison         3
   d - Ice Form                       Ice/Transmutation            4
   e - Blade Hands                    Transmutation                5
Comestibles
 d - 2 bread rations
 g - a chunk of flesh
 r - a beef jerky
 v - a meat ration


   Skills:
 - Level 1.1 Fighting
 - Level 2.6 Dodging
 + Level 5.4 Unarmed Combat
 - Level 2.0 Spellcasting
 + Level 3.1 Transmutations


You had one spell level left.
You knew the following spells:

 Your Spells              Type           Power        Failure   Level  Hunger
a - Beastly Appendage     Trmt           #.....       10%         1    ##.....
b - Sticks to Snakes      Trmt           #.........   12%         2    ###....
c - Spider Form           Trmt/Pois      #.........   38%         3    ####...


Dungeon Overview and Level Annotations

Branches:
Dungeon (4/15)
 Temple: D:4-7

Altars:

Annotations:
D:2 Crazy Yiuf
D:3 Jessica


Innate Abilities, Weirdness & Mutations

You revert to your normal form in water.
You are very nimble and swift while swimming.
You have a pair of horns on your head.


Message History

Crazy Yiuf hits you with a quarterstaff of chaos!
Crazy Yiuf burns you.
You hit Crazy Yiuf but do no damage.
Crazy Yiuf is lightly wounded.
Your ball python bites Crazy Yiuf but does no damage.
Your ball python grabs Crazy Yiuf.
Your ball python constricts Crazy Yiuf.
Crazy Yiuf hits you with a quarterstaff of chaos.
Crazy Yiuf burns you.
You hit Crazy Yiuf.
Crazy Yiuf is moderately wounded.
Your ball python bites Crazy Yiuf.
Your ball python constricts Crazy Yiuf.
You hit Crazy Yiuf but do no damage.
Crazy Yiuf is heavily wounded.
Crazy Yiuf closely misses you.
Your ball python bites Crazy Yiuf.
Your ball python constricts Crazy Yiuf.
You barely miss Crazy Yiuf.
Crazy Yiuf is heavily wounded.
Your ball python bites Crazy Yiuf.
Your ball python constricts Crazy Yiuf.
Crazy Yiuf hits you with a quarterstaff of chaos!
You die...

#.# ......†.###
#.# (#.........
#.# ######.###
#.# #.. #.# #.#
#.###♣♣ ### #.#
#.....♣♣ ♣#..)#
#.#
#......♣♣♣♣.....#
#.# ##....@g♣.g♣
#. ##...S♣.♣♣♣
###♣♣♣♣♣


You could see Crazy Yiuf and a friendly ball python.

Vanquished Creatures
  4 adders (D:2)
  An adder skeleton (D:4)
  A worm (D:2)
  An orc (D:2)
  6 bats
  2 giant cockroaches
  3 goblins
  8 hobgoblins
  5 kobolds
  A quokka (D:2)
  A giant newt (D:2)
  9 rats
42 creatures vanquished.

Notes
Turn   | Place    | Note
--------------------------------------------------------------
     0 | D:1      | jalm the Merfolk Transmuter began the quest for the Orb.
     0 | D:1      | Reached XP level 1. HP: 15/15 MP: 3/3
   166 | D:1      | Reached XP level 2. HP: 8/21 MP: 3/5
   199 | D:1      | Reached skill level 4 in Unarmed Combat
  1014 | D:2      | Reached XP level 3. HP: 22/26 MP: 3/6
  1444 | D:2      | Learned a level 2 spell: Sticks to Snakes
  1451 | D:2      | You fall through a shaft for 2 floors!
  1473 | D:4      | Reached skill level 5 in Unarmed Combat
  1618 | D:3      | Noticed Jessica
  1689 | D:2      | Reached XP level 4. HP: 27/32 MP: 4/7
  1698 | D:2      | Learned a level 3 spell: Spider Form
  1996 | D:2      | Noticed Crazy Yiuf
  2008 | D:2      | Slain by Crazy Yiuf

Vault maps used:
D:1:      shiori_shiawase
D:2:      uniq_crazy_yiuf_cottage
D:3:      uniq_jessica
D:4:      first_bread, fedhas_altar_fruit_tree

Action                   |  1- 3 |  4- 6 || total
-------------------------+-------+-------++-------
Melee: Unarmed           |   107 |    27 ||   134
 Cast: Beastly Appendage |    33 |     6 ||    39
       Sticks to Snakes  |     1 |     1 ||     2
 Stab: Sleeping          |     2 |       ||     2
  Eat: Chunk             |     3 |     2 ||     5
